Map: Abiogenesis LE

Players

ShadyBear

  • Race: Terran Terran
  • League: Gold
  • Spawn Location: 5:00

A.I. 1 (Elite) - Winner!

  • Race: Zerg Zerg
  • Spawn Location: 11:00

VOD

Have the link to the VOD?

Description

Time

  • Played on: April 28, 2018, 3:01 a.m.
  • Length: 3:22
Show
View Real Time Build Order
Export as new Build Order

ShadyBear Terran 

Build Orders: 1/1/1 

Get SALT Encoding   

  12  0:01  SCV  
  13  0:13  SCV  
  14  0:18  Supply Depot  
  14  0:25  SCV  
  15  0:30  Refinery  
  15  0:42  Barracks  
  15  0:46  SCV  
  16  0:56  Refinery  
  16  0:58  SCV  
  17  1:10  SCV  
  18  1:22  SCV  
  19  1:29  Factory  
  19  1:34  Orbital Command  
  19  1:48  Barracks  
  19  1:59  Marine  
  20  2:12  Starport  
  20  2:16  Marine  
  20  2:20  Supply Depot  
  20  2:21  Factory Tech Lab  
  21  2:35  Marine  
  21  2:36  Marine  
  23  2:42  Supply Depot  
  23  2:44  Siege Tank  
  23  2:50  Medivac  
  28  2:54  Marine  
  28  2:56  Marine  
Show
View Real Time Build Order
Export as new Build Order

A.I. 1 (Elite) Zerg - Winner!

Build Orders: Pool First 

Get SALT Encoding   

  12  0:00  Drone  
  13  0:12  Overlord  
  13  0:16  Drone  
  14  0:30  Drone x2  
  16  0:43  Spawning Pool  
  16  0:46  Drone  
  16  0:50  Drone  
  17  1:13  Hatchery  
  17  1:15  Drone  
  17  1:17  Extractor  
  16  1:20  Drone  
  16  1:23  Drone  
  18  1:28  Drone  
  19  1:38  Overlord  
  19  1:49  Drone  
  19  1:50  Queen  
  22  2:00  Zergling x2  
  23  2:10  Drone  
  24  2:21  Drone  
  25  2:26  Queen  
  25  2:28  Roach Warren  
  26  2:32  Drone  
  26  2:37  Extractor  
  26  2:38  Drone  
  27  2:45  Overlord  
  27  2:49  Drone  
  28  2:52  Drone  
  28  2:55  Drone  
  28  2:57  Drone  
  31  3:00  Drone  
  31  3:04  Zergling x2  
Tags
 
League
Gold
Matchup
TvZ
Spawn Locations
Cross Positions
Add a new tag
Caveats
  • Supply blocks, unpowered buildings, or Contaminate may cause inaccurate times.
  • Supply counts are checked every 10 seconds.